 Dungeon Crawl Stone Soup version 0.21-a0-225-g207ae17 (webtiles) character file.

25624 Anemos the Unseen (level 12, -1/61 HPs)
             Began as a Spriggan Enchanter on Aug 28, 2017.
             Was an Elder of Dithmenos.
             Slain by a phantasmal warrior (32 damage)
             ... led by a death knight
             ... on level 13 of the Dungeon.
             The game lasted 00:54:02 (20528 turns).

Anemos the Unseen (Spriggan Enchanter)             Turns: 20528, Time: 00:54:03

Health: -1/61      AC: 13    Str:  7    XL:     12   Next: 91%
Magic:  33/37      EV: 27    Int: 18    God:    Dithmenos [****..]
Gold:   630        SH:  0    Dex: 17    Spells: 14/33 levels left

rFire    . . .     SeeInvis +   a - +4 dagger (protect)
rCold    + . .     Gourm    .   (shield restricted)
rNeg     . . .     Faith    .   b - +1 robe
rPois    .         Spirit   .   A - +1 hat {MR+}
rElec    .         Reflect  .   r - +1 cloak
rCorr    .         Harm     .   (gloves unavailable)
MR       +++..                  (boots unavailable)
Stlth    +++++++++.             w - amulet of regeneration
HPRegen  0.60/turn              i - ring of protection from cold
MPRegen  0.25/turn              y - ring of magical power

@: protection aura, wreathed by umbra, very quick
A: unfitting armour, see invisible, herbivore 3, speed 3, slow metabolism 2
a: Shadow Step, Renounce Religion


You were on level 13 of the Dungeon.
You worshipped Dithmenos.
Dithmenos was greatly pleased with you.
You were not hungry.

You visited 2 branches of the dungeon, and saw 14 of its levels.

You collected 679 gold pieces.
You spent 49 gold pieces at shops.

Inventory:

Hand Weapons
 a - a +4 dagger of protection (weapon)
 D - a +1 dagger of holy wrath
Armour
 b - a +1 robe (worn)
 r - a +1 cloak (worn)
 A - a +1 hat of magic resistance (worn)
Jewellery
 i - a ring of protection from cold (left hand)
 w - an amulet of regeneration (around neck)
 y - a ring of magical power (right hand)
Wands
 n - a wand of digging (13/24)
 p - a wand of polymorph (5/24)
 v - a wand of confusion (21/48)
 z - a wand of polymorph (12/24)
 F - a wand of scattershot (4/9)
Scrolls
 g - 8 scrolls of identify
 h - 3 scrolls of remove curse
 j - 4 scrolls of teleportation
 u - 2 scrolls of recharging
 x - 4 scrolls of magic mapping
 C - a scroll of blinking
Potions
 e - 8 potions of curing
 k - a potion of might
 l - 2 potions of haste
 m - 3 potions of ambrosia
 o - 2 potions of heal wounds
 q - a potion of mutation
 t - 2 potions of brilliance
 B - a potion of resistance
Books
 f - a book of Minor Magic

   Spells                             Type                      Level
   a - Magic Dart                     Conjuration                  1
   b - Blink                          Translocation                2
   c - Call Imp                       Summoning                    2
   d - Slow                           Hexes                        2
   e - Conjure Flame                  Conjuration/Fire             3
   f - Mephitic Cloud                 Conjuration/Poison/Air       3
 E - a book of Death

   Spells                             Type                      Level
   a - Corpse Rot                     Necromancy                   2
   b - Sublimation of Blood           Necromancy                   2
   c - Agony                          Necromancy                   5
   d - Dispel Undead                  Necromancy                   5
   e - Excruciating Wounds            Charms/Necromancy            5
   f - Bolt of Draining               Conjuration/Necromancy       5
Comestibles
 c - 2 fruits
 d - 6 bread rations
 s - 3 royal jellies


   Skills:
 + Level 6.2 Fighting
 + Level 8.8 Short Blades
 + Level 11.2 Dodging
 + Level 17.1 Stealth
 + Level 11.4 Spellcasting
 + Level 11.5 Hexes
 + Level 1.0 Necromancy


You had 14 spell levels left.
You knew the following spells:

 Your Spells              Type           Power        Failure   Level  Hunger
a - Ensorcelled Hibernat  Hex/Ice        ####..       1%          2    None
b - Corona                Hex            ######.      1%          1    None
c - Confuse               Hex            ######..     1%          3    None
d - Tukima's Dance        Hex            ######..     1%          3    None
e - Dazzling Spray        Conj/Hex       ####..       1%          3    None
f - Blink                 Tloc           N/A          11%         2    None
g - Dispel Undead         Necr           ##......     77%         5    ####...


Dungeon Overview and Level Annotations

Branches:
Dungeon (13/15)            Temple (1/1) D:4            Lair (0/6) D:8
    Orc (0/2) D:10
 Vaults: D:13-14

Altars:
Ashenzari
Cheibriados
Dithmenos
Elyvilon
Fedhas
Gozag
Hepliaklqana
Kikubaaqudgha
Makhleb
Nemelex Xobeh
Okawaru
Qazlal
Ru
Sif Muna
Trog
Uskayaw
Vehumet
Wu Jian
Xom
Yredelemnul
Zin
The Shining One

Shops:
D:10 =(*(}


Innate Abilities, Weirdness & Mutations

You are very small and have problems with some larger weapons.
You are too small for most types of armour.
You have supernaturally acute eyesight. (SInv)
You are a herbivore.
You cover ground extremely quickly.
You need consume almost no food.


Message History

a great sword of freezing; a scale mail; the human corpse of Rupert Unknown command.
The phantasmal warrior blinks!
The phantasmal warrior blinks!
The phantasmal warrior blinks!
The phantasmal warrior hits you!!
Ouch! That really hurt!
You emit a cloud of dark smoke.
You hit the phantasmal warrior but do no damage.
Your weapon exudes an aura of protection.
Your shadow barely misses the phantasmal warrior.
Casting: Confuse
Confirm with . or Enter, or press ? or * to list all spells.
Aiming: Confuse
Press: ? - help, Shift-Dir - straight line, f - phantasmal warrior
Aim: a phantasmal warrior (black smoke, umbra, chance to defeat MR: 23%)
The phantasmal warrior appears confused.
The phantasmal warrior hits you!!
Ouch! That really hurt!
You die...

### ..# #.# #### #.#
<.# #.#+#####.#
###........§######## #
##..........§§@W§...#
#.##).......§.#######.#
#.##...z.../...# ####.#
.zJ............#
#...)###
#o.........#+#.#
#..).)<# .z.........#
.# ########
#J.........§.#..
................>
#.########........


You could see a phantasmal warrior (confused).

Vanquished Creatures
  Rupert (D:13)
  Gastronok (D:10)
  A sphinx (D:12)
  A stone giant (D:12)
  An ettin (D:12)
  A centaur warrior (D:10)
  Erica (D:10)
  3 two-headed ogres
  A flayed ghost (D:12)
  A deep elf mage (D:12)
  The ghost of IsvaffelMax the Summoner, a novice TeSu of Hepliaklqana (D:8)
  An ugly thing (D:11)
  A cyclops (D:11)
  6 slime creatures
  2 manticores
  A centaur zombie (D:12)
  A gargoyle (D:11)
  4 trolls
  A hornet (D:11)
  3 hippogriffs
  3 wyverns
  6 yaks (D:10)
  4 hogs (D:7)
  A human (D:7)
  A shadow (D:12)
  3 hungry ghosts
  2 basilisks (D:12)
  3 vampire mosquitoes (D:12)
  A warg (D:9)
  Menkaure (D:6)
  A water moccasin (D:6)
  4 orc warriors
  3 sky beasts
  3 ice beasts
  2 black bears
  2 ogres
  2 phantoms
  4 centaurs
  2 crocodiles
  2 big kobolds (D:12)
  Blork the orc (D:6)
  7 bullfrogs
  A water moccasin zombie (D:10)
  4 scorpions
  6 killer bees
  3 wights (D:13)
  6 crimson imps
  A bullfrog zombie (D:9)
  A gnoll shaman (D:5)
  7 orc priests
  3 jellies
  2 bullfrog skeletons
  4 hounds
  4 centaur skeletons
  4 iguanas
  Jessica (D:3)
  Natasha (thrice) (D:3)
  11 worker ants
  8 orc wizards
  11 adders
  10 gnolls
  A howler monkey skeleton (D:6)
  An adder zombie (D:5)
  3 adder skeletons
  3 worms
  2 dart slugs (D:5)
  8 leopard geckos
  36 orcs
  11 bats
  2 giant cockroaches (D:2)
  8 goblins
  11 hobgoblins
  10 jackals
  19 kobolds
  5 quokkas
  8 frilled lizards
  A jackal zombie (D:5)
  A leopard gecko skeleton (D:7)
  2 leopard gecko zombies
  A quokka skeleton (D:9)
  11 rats
325 creatures vanquished.

Vanquished Creatures (collateral kills)
  A gnoll (D:5)
1 creature vanquished.

Vanquished Creatures (others)
  5 dancing weapons
  2 centaurs (D:11)
  A plant (D:3)
8 creatures vanquished.

Grand Total: 334 creatures vanquished

Notes
Turn   | Place    | Note
-------+----------+-------------------------------------------
     0 | D:1      | Anemos the Spriggan Enchanter began the quest for the Orb.
     0 | D:1      | Reached XP level 1. HP: 9/9 MP: 5/5
   316 | D:1      | Reached XP level 2. HP: 13/13 MP: 5/7
   320 | D:1      | Learned a level 2 spell: Ensorcelled Hibernation
  1450 | D:1      | Reached XP level 3. HP: 14/16 MP: 1/9
  1455 | D:1      | Learned a level 3 spell: Confuse
  1459 | D:1      | Learned a level 3 spell: Tukima's Dance
  3676 | D:2      | Reached XP level 4. HP: 21/21 MP: 4/11
  4147 | D:2      | Found an opulent altar of Gozag.
  4147 | D:2      | Found a sparkling altar of Nemelex Xobeh.
  4382 | D:2      | Reached skill level 5 in Hexes
  4434 | D:3      | Noticed Natasha
  4449 | D:3      | Killed Natasha
  4549 | D:3      | Reached skill level 5 in Spellcasting
  4966 | D:3      | Noticed Jessica
  4979 | D:3      | Killed Jessica
  4979 | D:3      | Reached XP level 5. HP: 19/24 MP: 10/13
  5437 | D:3      | Noticed Natasha
  5488 | D:3      | Killed Natasha
  5546 | D:3      | Noticed Natasha
  5806 | D:3      | Killed Natasha
  6512 | D:3      | Reached XP level 6. HP: 28/28 MP: 9/16
  7279 | D:4      | Found an ancient bone altar of Kikubaaqudgha.
  7974 | D:4      | Found a staircase to the Ecumenical Temple.
  7981 | Temple   | Entered the Ecumenical Temple
  8165 | Temple   | Became a worshipper of Dithmenos the Shadowed
  8428 | D:5      | Entered Level 5 of the Dungeon
  8506 | D:5      | Learned a level 3 spell: Dazzling Spray
  8509 | D:5      | Learned a level 2 spell: Blink
  8772 | D:5      | Found a stormy altar of Qazlal.
  8883 | D:5      | Found a hazy altar of Hepliaklqana.
  8969 | D:5      | Reached skill level 5 in Stealth
  9133 | D:5      | Reached XP level 7. HP: 32/32 MP: 18/18
  9321 | D:5      | Found an iron altar of Okawaru.
  9360 | D:5      | Reached * piety under Dithmenos
  9452 | D:5      | Reached skill level 6 in Stealth
  9933 | D:6      | Noticed Blork the orc
  9933 | D:6      | Noticed a two-headed ogre
  9937 | D:6      | Killed Blork the orc
  9937 | D:6      | Reached skill level 7 in Stealth
  9972 | D:6      | Killed a two-headed ogre
  9972 | D:6      | Reached skill level 11 in Stealth
  9972 | D:6      | Reached XP level 8. HP: 36/36 MP: 10/19
 10229 | D:6      | Reached skill level 12 in Stealth
 10653 | D:6      | Reached skill level 13 in Stealth
 11068 | D:6      | Found an ornate altar of the Wu Jian Council.
 11069 | D:6      | Noticed Menkaure
 11071 | D:6      | Killed Menkaure
 11071 | D:6      | Reached XP level 9. HP: 40/40 MP: 20/20
 11246 | D:6      | Reached skill level 1 in Fighting
 11999 | D:7      | Reached skill level 5 in Dodging
 12172 | D:7      | Found a sacrificial altar of Ru.
 12211 | D:7      | Reached skill level 14 in Stealth
 12268 | D:7      | Reached ** piety under Dithmenos
 12514 | D:8      | Noticed IsvaffelMax's ghost (novice TeSu)
 12683 | D:8      | Killed IsvaffelMax's ghost
 12868 | D:8      | Found a basalt altar of Yredelemnul.
 13191 | D:8      | Reached XP level 10. HP: 48/48 MP: 16/23
 13707 | D:8      | Found a staircase to the Lair.
 14922 | D:9      | Found a deep blue altar of Sif Muna.
 14951 | D:10     | Entered Level 10 of the Dungeon
 14955 | D:10     | Reached skill level 5 in Short Blades
 15111 | D:10     | Found a staircase to the Orcish Mines.
 15149 | D:10     | Reached *** piety under Dithmenos
 15507 | D:10     | Reached skill level 15 in Stealth
 15518 | D:10     | Noticed a centaur warrior
 16054 | D:10     | Found Nagos's Weapon Shop.
 16111 | D:10     | Killed a centaur warrior
 16111 | D:10     | Reached XP level 11. HP: 53/53 MP: 25/25
 16232 | D:10     | Found Ontalul's Gadget Emporium.
 16234 | D:10     | Noticed Erica
 16237 | D:10     | Killed Erica
 16427 | D:10     | Found Naretiaz's Antique Weapon Shoppe.
 16583 | D:10     | Found Celixtoi's Jewellery Boutique.
 16652 | D:10     | Found Qigeg's General Store.
 16660 | D:10     | Bought a scroll of magic mapping for 49 gold pieces
 16770 | D:11     | Noticed a two-headed ogre
 16776 | D:11     | Noticed Gastronok
 17366 | D:10     | Killed Gastronok
 17366 | D:10     | Reached skill level 10 in Hexes
 17427 | D:11     | Killed a two-headed ogre
 17427 | D:11     | Reached skill level 10 in Spellcasting
 17711 | D:11     | Reached skill level 5 in Fighting
 17806 | D:11     | Noticed a green ugly thing
 17813 | D:11     | Killed a green ugly thing
 17813 | D:11     | Reached skill level 16 in Stealth
 17941 | D:11     | Reached **** piety under Dithmenos
 18296 | D:11     | Found a sacrificial altar of Ru.
 18643 | D:12     | Reached XP level 12. HP: 47/60 MP: 27/27
 18888 | D:12     | Reached skill level 10 in Dodging
 19336 | D:12     | Noticed a sphinx
 19358 | D:12     | Killed a sphinx
 19472 | D:12     | Noticed an ettin
 19484 | D:12     | Killed an ettin
 19546 | D:12     | Noticed a two-headed ogre
 19546 | D:12     | Noticed a stone giant
 19619 | D:12     | Killed a stone giant
 19698 | D:12     | Killed a two-headed ogre
 20454 | D:13     | Reached skill level 17 in Stealth
 20480 | D:13     | Learned a level 5 spell: Dispel Undead
 20505 | D:13     | Noticed Rupert
 20512 | D:13     | Killed Rupert
 20512 | D:13     | Reached skill level 1 in Necromancy
 20528 | D:13     | Slain by a phantasmal warrior

Vault maps used:
D:1:      nzn_arrival_crosshair
D:2:      grunt_temple_overflow_opulence, feat_on_display
D:3:      wad_lake_hut, uniq_jessica, uniq_natasha
D:4:      kiku_gazebo_garden_becter, temple_green, first_bread, st_stairs_13
D:5:      nicolae_qazlal_eye_of_the_storm, kennysheep_mini,
          okawaru_altar_gauntlet_db
D:6:      nicolae_overflow_crystal_walls, hangedman_decor_opposing,
          uniq_blork_the_orc, uniq_menkaure
D:7:      overflow_temple_1_default, grunt_livestock, minmay_misc_feat_five
D:8:      yredelemnul_altar_generic, dpeg_oklobed_lair, item_on_display_a
D:9:      led_sif_pool
D:10:     erik_orc_4, serial_shops, shop, shop, nicolae_shop_waterfront, shop,
          nicolae_shop_behind_doors, uniq_erica
D:11:     basic_altar, uniq_gastronok
D:12:     minmay_octo_star
D:13:     lemuel_nasty_fountain, uniq_rupert, uniq_maurice
Temple:   nicolae_temple_figure_eight

Skill      XL: |  1  2  3  4  5  6  7  8  9 10 11 12 |
---------------+-------------------------------------+-----
Spellcasting   | 3 4 5 6 8 9 10 11 | 11.4
Hexes          | 4 5 6 7 8 9 10 11 | 11.5
Stealth        | 5 11 13 14 15 16 17 | 17.1
Short Blades   | 2 4 6 7 8 |  8.8
Fighting       | 2 4 5 6 |  6.2
Dodging        | 6 8 9 11 | 11.2
Necromancy     | 1 |  1.0

Action                   |  1- 3 |  4- 6 |  7- 9 | 10-12 || total
-------------------------+-------+-------+-------+-------++-------
Melee: Dagger            |   105 |   163 |   151 |   476 ||   895
 Cast: Corona            |     5 |     3 |       |       ||     8
       Ensorcelled Hiber |    40 |    68 |    35 |    83 ||   226
       Tukima's Dance    |     5 |     2 |     2 |       ||     9
       Confuse           |       |    15 |    21 |   121 ||   157
       Dazzling Spray    |       |       |     2 |     9 ||    11
Invok: Shadow Step       |       |       |       |     4 ||     4
Evoke: Wand              |       |       |       |     4 ||     4
  Use: Scroll            |     7 |     9 |     9 |     7 ||    32
       Potion            |       |       |     1 |     4 ||     5
 Stab: Sleeping          |    33 |    40 |    41 |    63 ||   177
       Confused          |       |     6 |    14 |    69 ||    89
       Distracted        |       |       |     1 |     1 ||     2
       Invisible         |       |       |       |     5 ||     5
       Paralysed         |       |       |       |     1 ||     1
  Eat: Royal jelly       |     1 |     1 |       |     3 ||     5
       Bread ration      |     1 |       |     1 |       ||     2
       Fruit             |       |       |       |     1 ||     1
Armor: Robe              |    24 |    18 |    15 |    24 ||    81
Dodge: Dodged            |   106 |   122 |    93 |   361 ||   682

Table legend:
 A = Spawn XP
 B = Non-spawn XP
 C = Spawn XP percentage of total XP
 D = Spawn monster count
 E = Non-spawn monster count
 F = Spawn count percentage of total count
 G = Total turns spent on level
                    A         B        C        D         E        F      G
               +---------+---------+-------+---------+---------+-------+---------
         Total |    1710 |   34897 |   4.7 |      56 |     272 |  17.1 | 20528
               +---------+---------+-------+---------+---------+-------+---------
           D:1 |      11 |      35 |  23.9 |       7 |      20 |  25.9 |  2657
           D:2 |      68 |      23 |  74.7 |      10 |      14 |  41.7 |  1764
           D:3 |      99 |     191 |  34.1 |       8 |      25 |  24.2 |  2825
           D:4 |      73 |      56 |  56.6 |       4 |       5 |  44.4 |   985
           D:5 |      57 |     439 |  11.5 |       5 |      28 |  15.2 |  1724
           D:6 |       6 |    2104 |   0.3 |       3 |      21 |  12.5 |  1699
           D:7 |       0 |    1622 |   0.0 |       0 |      14 |   0.0 |   778
           D:8 |     194 |    1602 |  10.8 |       2 |      14 |  12.5 |  1563
           D:9 |      69 |    1632 |   4.1 |       2 |      27 |   6.9 |  1690
          D:10 |      73 |    7759 |   0.9 |       2 |      38 |   5.0 |  1509
          D:11 |     313 |    5144 |   5.7 |       5 |      25 |  16.7 |  1234
          D:12 |     747 |   10801 |   6.5 |       8 |      35 |  18.6 |  1824
          D:13 |       0 |    3489 |   0.0 |       0 |       6 |   0.0 |    79
               +---------+---------+-------+---------+---------+-------+---------
